 Dungeon Crawl Stone Soup version 0.31-a0-844-gdc52ec4e09 (webtiles) character file.

Game seed: 5611782078155299656

11 Bravepunisher the Ducker (level 2, -3/16 HPs)
             Began as a Spriggan Monk on Sept 30, 2023.
             Slain by a scorpion (7 damage)
             ... on level 6 of the Dungeon.
             The game lasted 00:02:02 (486 turns).

Bravepunisher the Ducker (Spriggan Monk)             Turns: 486, Time: 00:02:02

Health: -3/16      AC:  2    Str:  7    XL:     2   Next: 13%
Magic:  3/3        EV: 19    Int: 11    God:
Gold:   15         SH:  0    Dex: 17    Spells: 1/1 levels left

rFire   . . .        a - +0 short sword
rCold   . . .        (no shield)
rNeg    . . .        b - +0 robe
rPois   .            (helmet restricted)
rElec   .            (no cloak)
rCorr   .            (gloves unavailable)
SInv    +            (boots unavailable)
Will    .....        (no amulet)
Stlth   +            (no ring)
HPRegen 0.22/turn    (no ring)
MPRegen 0.08/turn

%: no passive effects
@: silenced, very quick
A: very small, no large weapons, unfitting armour, see invisible, speed 3
a: no special abilities


You were on level 6 of the Dungeon.
You visited 1 branch of the dungeon, and saw 6 of its levels.

You collected 15 gold pieces.

Inventory:

Hand Weapons
 a - a +0 short sword (weapon)
Armour
 b - a +0 robe (worn)
Scrolls
 f - a scroll of fear {unknown}
 h - a scroll of enchant weapon {unknown}
Potions
 c - a potion of ambrosia


   Skills:
 * Level 2.8 Fighting
 - Level 3.2 Short Blades
 + Level 4.3 Dodging


You had one spell level left.
You didn't know any spells.
Your spell library was empty.

Dungeon Overview and Level Annotations

Branches:
Dungeon (6/15)
 Temple: D:4-7

Altars:
Elyvilon
Ru
The Shining One

Portals:
Sewer: D:4

Annotations:
D:5 Ijyb


Innate Abilities, Weirdness & Mutations

You are very small and have problems with some larger weapons.
You are too small for most types of armour.
You have supernaturally acute eyesight. (SInv)
You cover ground extremely quickly. (Speed+++)


Message History

A black bear comes into view.
Ijyb shouts!
The jackal attacks as it pursues you! The jackal bites you.
Found a scroll labelled OHYAZX SISAHO.
The black bear growls angrily.
You hear a shout!
An orc comes into view. It is wielding a +0 whip.
There is an escape hatch in the floor here.
HP restored.
Ijyb zaps a wand.
The puff of flame hits you!
Ouch! That really hurt!
The jackal bites you.
You slide downwards.
The hatch slams shut behind you.
Unknown command.
HP restored.
A scorpion comes into view.
Found a dagger, a robe and a scale mail.
The scorpion moves out of view.
Found 5 stones.
You see here 12 gold pieces.
Found a scroll labelled OHYAZX SISAHO.
h - a scroll labelled OHYAZX SISAHO An iguana comes into view.
The iguana hisses angrily.
You hit the iguana but do no damage. You hit the iguana but do no damage.
The iguana barely misses you.
You closely miss the iguana. The iguana bites you.
You barely miss the iguana. The iguana completely misses you.
It was a potion of curing.
You feel better. The iguana bites you.
It was a potion of cancellation.
You feel magically purged. The iguana bites you!
As you read the scroll labelled FABRAISUMIP, it crumbles to dust.
A profound silence engulfs you.
It was a scroll of silence.
The scorpion closely misses you. The iguana barely misses you.
The scorpion stings you.
* * * LOW HITPOINT WARNING * * *
Unknown command.
Magic scrolls do not work when you're silenced!
You hit the iguana.
The iguana is lightly wounded.
The iguana misses you. The scorpion stings you!
You die...

#.# #s# #.#
#.# #.# #.#
#.#
.########.#
......l@s.#
.##########


You could see a scorpion and an iguana.

Vanquished Creatures
  A dart slug (D:4)
  A ball python (D:1)
  An endoplasm (D:1)
  A giant cockroach (D:4)
  2 hobgoblins
  A kobold (D:1)
7 creatures vanquished.

Notes
Turn   | Place    | Note
-------+----------+-------------------------------------------
     0 | D:1      | Bravepunisher the Spriggan Monk began the quest for the
                  | Orb.
     0 | D:1      | Reached XP level 1. HP: 11/11 MP: 2/2
   116 | D:4      | Found a sacrificial altar of Ru.
   139 | D:4      | Found a glowing drain.
   261 | D:4      | Found a white marble altar of Elyvilon.
   272 | D:4      | Reached XP level 2. HP: 14/16 MP: 3/3
   292 | D:4      | Found a glowing golden altar of the Shining One.
   384 | D:5      | Entered Level 5 of the Dungeon
   384 | D:5      | Noticed Ijyb
   385 | D:5      | Noticed a phantom
   386 | D:5      | Noticed a black bear
   443 | D:6      | Noticed a scorpion
   486 | D:6      | Slain by a scorpion

Illustrated notes

Levels and vault maps discovered:
D:1:      grunt_arrival_crossed_arrows, layout_rooms, serial_shops, shop
D:2:      layout_loops_cross
D:3:      layout_basic, amcnicky_altar_gilded, ebering_ecumenical_altar_ruins
D:4:      layout_gridville, palyth_temple_overflow_mages,
          nicolae_overflow_crystal_walls, nicolae_overflow_hidden_temple,
          lemuel_tele_altar, cheibrodos_sewer_entry_bend
D:5:      layout_cave_pools, zin_treasury, minmay_temple_entry_mist, uniq_pikel,
          uniq_ijyb
D:6:      layout_loops_ring, kennysheep_slug_shrine, kennysheep_generic_room_6,
          uniq_grinder

Action                     || total
---------------------------++-------
  Melee: Short sword       ||    44
    Use: Potion            ||     2
         Scroll            ||     1
 Armour: Robe              ||    16
  Dodge: Dodged            ||    44

Table legend: (Time is in decaauts)
 A = Elapsed time spent in this place.
 B = Non-inter-level travel time spent in this place.
 C = Inter-level travel time spent in this place.
 D = Time resting spent in this place.
 E = Time spent auto-exploring this place.
 F = Levels seen in this place.
 G = Mean time per level.
                   A        B        C        D        E       F      G
               +--------+--------+--------+--------+--------+-----+--------+
         Total |    342 |    342 |      0 |      0 |    137 |   6 |   57.0 |
       Dungeon |    342 |    342 |      0 |      0 |    137 |   6 |   57.0 |
               +--------+--------+--------+--------+--------+-----+--------+

Top non-repeatable levels by time:
     D:4: 191 daAuts
     D:6: 77 daAuts
     D:1: 59 daAuts
     D:3: 5 daAuts
     D:5: 5 daAuts
     D:2: 3 daAuts
